Description

For saturating bases before getting Super Gary. Only needs +30% (15/30) Structure Morph Rate mastery.

VOD

https://youtu.be/DP1ATkDg-3U

Replay - Mist Opportunities (11)

Build Order

Get SALT Encoding   

  12  0:03  Drone  
  13  0:10  Drone  
  14  0:22  Overlord  
  14  0:28  Extractor  
  14  0:29  Drone  
  14  0:34  Extractor  
  14  0:36  Drone  2 drones on each extractor
  14  0:47  Drone x2  
  16  0:53  Drone  
  17  1:05  Drone x2  
  19  1:26  Spawning Pool  Pause on drones, spread stetallites.
  18  1:46  Lair  
  18  1:47  Zergling x6  
  21  2:05  Drone, Overlord  Send lings to clear rocks.
  22  2:32  Infestation Pit  
  25  3:00  Hive  Saturate gas, send worker to natural.
  26  3:27  Hatchery  
  25  3:38  Overlord  
  30  4:09  Overlord  
  35  4:33  Extractor x2  
  44  5:22  Hardened Ergonergy Shield  
  44  5:31  Evolution Chamber x2  Saturate bases or make Super Gary.
Spawning Tool Build Advisor. Get it on Overwolf

Go to:

Details

  • Created by: Xaeric
  • Published on: Aug 27, 2025
  • Modified on: Aug 27, 2025
  • Patch: 5.0.11
  • Difficulty: Hard
Show
View Real Time Build Order
Export as new Build Order

Comments (0)

There are no comments. Be the first!

Create an account to comment!